 Dungeon Crawl Stone Soup version bcrawl-1.34.4 (webtiles) character file.

Game seed: 2093023484408949352

331542 KristoblXynda the Skirmisher (level 8, -14/70 HPs)
             Began as a Grey Draconian Gladiator on Oct 19, 2021.
             Demolished by a troll (19 damage)
             ... on level 4 of the Dungeon.
             The game lasted 00:06:15 (3081 turns).

KristoblXynda the Skirmisher (DrGl)                 Turns: 3081, Time: 00:06:16

Health: -14/70     AC: 14    Str: 19    XL:     8   Next: 14%
Magic:  8/8        EV: 14    Int:  9    God:
Gold:   389        SH:  1    Dex: 12    Spells: 7/7 levels left

rFire    . . .     SeeInvis .   a - +0 long sword
rCold    . . .     Gourm    .   (no shield)
rNeg     . . .     Faith    .   (armour unavailable)
rPois    .         Spirit   .   b - +1 hat
rElec    .         Reflect  .   f - +1 cloak
rCorr    .         Harm     .   (no gloves)
MR       .....                  (no boots)
Stlth    +.........             (no amulet)
HPRegen  0.21/turn              (no ring)
MPRegen  0.11/turn              (no ring)

@: no status effects
A: walk through water, unfitting armour, unbreathing, cold-blooded, AC +11
a: no special abilities


You were on level 4 of the Dungeon.
You were hungry.

You visited 1 branch of the dungeon, and saw 4 of its levels.
You also visited: Sewer.

You collected 389 gold pieces.

Inventory:

Hand Weapons
 a - a +0 long sword (weapon)
Armour
 b - a +1 hat (worn)
 f - a +1 cloak (worn)
 s - a scarf of clouds
Jewellery
 o - an uncursed ring of ice
Scrolls
 h - a scroll of fear {unknown}
 j - 2 scrolls of enchant weapon
 l - 2 scrolls of immolation
 n - 3 scrolls of teleportation
 r - a scroll of blinking {unknown}
 t - 2 scrolls of amnesia
 u - 2 scrolls of fog
Potions
 d - a potion of heal wounds
 i - a potion of mutation {unknown}
 k - 2 potions of curing
 m - 2 potions of flight
 p - 2 potions of magic {unknown}
 q - a potion of brilliance {unknown}
 v - a potion of haste {unknown}
Comestibles
 e - 6 rations {!d}
 g - 5 chunks of flesh


   Skills:
 + Level 6.2 Fighting
 + Level 5.6 Long Blades
 + Level 4.6 Throwing
 + Level 5.1 Dodging


You had 7 spell levels left.
You didn't know any spells.
Your spell library was empty.

Dungeon Overview and Level Annotations

Branches:
Dungeon (4/12)
 Temple: D:4-7

Altars:

Shops:
D:4 ?


Innate Abilities, Weirdness & Mutations

You can walk through water.
Your dull iron-grey scales are very hard. (AC +11)
You cannot fit into any form of body armour.
You can survive without breathing.
You are cold-blooded and may be slowed by cold attacks.


Message History

The troll barely misses you.
You slash the troll!
The troll is severely wounded.
The troll misses you. The troll claws you. The troll claws you!
* * * LOW HITPOINT WARNING * * *
You barely miss the troll.
The troll is severely wounded.
The troll bites you!
* * * LOW HITPOINT WARNING * * *
The troll claws you but does no damage. The troll claws you!
* * * LOW HITPOINT WARNING * * *
You feel much better. The troll bites you!
* * * LOW HITPOINT WARNING * * *
The troll claws you.
* * * LOW HITPOINT WARNING * * *
The troll completely misses you.
You barely miss the troll.
The troll is heavily wounded.
The troll bites you!!
You die...

#.# #.. #.#
#.#.####.##
#.#.##....#
#.#.##....#
#.#.##....#
#.#.##....#
#.#.##....#
#(...T@...#
#...##....#
#..########
....[#
[......#
.....^..#
.......##
....[..
.#...#.


You could see a troll.

Vanquished Creatures
  Pikel (D:4)
  Sigmund (D:2)
  A sky beast (D:4)
  An ogre (D:4)
  A scorpion (D:4)
  The ghost of petercordia5 the Caller, a weakling DrSu of Ashenzari (D:3)
  An orc priest (D:3)
  A crimson imp (D:3)
  An orc wizard (D:3)
  Terence (D:2)
  4 adders
  A river rat (Sewer)
  An ooze (D:3)
  2 worms
  A dart slug (D:1)
  5 leopard geckos
  3 orcs (D:3)
  5 ball pythons
  10 bats
  3 giant cockroaches
  6 goblins
  7 hobgoblins
  4 jackals
  3 quokkas
  4 frilled lizards
  6 kobolds
  28 rats
103 creatures vanquished.

Notes
Turn   | Place    | Note
-------+----------+-------------------------------------------
     0 | D:1      | KristoblXynda the Draconian Gladiator began the quest for
                  | the Orb.
     0 | D:1      | Reached XP level 1. HP: 19/19 MP: 1/1
    64 | D:1      | Reached XP level 2. HP: 20/26 MP: 2/2
   674 | D:2      | Reached XP level 3. HP: 33/33 MP: 3/3
  1015 | D:2      | Noticed Sigmund
  1220 | D:2      | Killed Sigmund
  1221 | D:2      | Reached skill level 4 in Fighting
  1221 | D:2      | Reached XP level 4. HP: 25/41 MP: 4/4
  1221 | D:2      | Reached XP level 5. HP: 28/47 MP: 5/5
  1301 | D:2      | Noticed Terence
  1313 | D:2      | Killed Terence
  1480 | D:3      | Reached XP level 6. HP: 34/53 MP: 6/6
  1679 | D:3      | Found a glowing drain.
  1694 | Sewer    | Entered a sewer
  2115 | D:3      | Noticed petercordia5's ghost (weakling DrSu)
  2126 | D:3      | Found a runed translucent gate.
  2126 | D:3      | Found a runed translucent gate.
  2128 | D:3      | Found a runed translucent gate.
  2159 | D:3      | Reached skill level 5 in Fighting
  2463 | D:3      | Killed petercordia5's ghost
  2693 | D:4      | Your scales start taking on a dull iron-grey colour.
  2693 | D:4      | Reached XP level 7. HP: 43/61 MP: 7/7
  2693 | D:4      | Gained mutation: You can survive without breathing. [Grey
                  | Draconian growth]
  2762 | D:4      | Noticed Pikel
  2813 | D:4      | Killed Pikel
  2814 | D:4      | Reached skill level 6 in Fighting
  2814 | D:4      | Reached skill level 5 in Long Blades
  2868 | D:4      | Found Qureim's Magic Scroll Shoppe.
  2923 | D:4      | Reached skill level 5 in Dodging
  2923 | D:4      | Reached XP level 8. HP: 30/70 MP: 8/8
  3066 | D:4      | Noticed a troll
  3079 | D:4      | HP: 3/70 [troll (8)]
  3081 | D:4      | Demolished by a troll

Skill      XL: |  1  2  3  4  5  6  7 |
---------------+----------------------+-----
Throwing       | 2 3 4 |  4.6
Dodging        | 3 4 5 |  5.1
Fighting       | 4 5 6 |  6.2
Long Blades    | 4 5 |  5.6

Action                   |  1- 3 |  4- 6 |  7- 9 || total
-------------------------+-------+-------+-------++-------
Melee: Long sword        |   155 |   222 |    51 ||   428
       Tailslap          |    24 |    24 |     6 ||    54
Throw: Throwing net      |     1 |       |     2 ||     3
  Use: Scroll            |     6 |     3 |     2 ||    11
       Potion            |     2 |       |     1 ||     3
 Stab: Sleeping          |     1 |     3 |       ||     4
       Held in net/web   |       |       |     1 ||     1
  Eat: Chunk             |     4 |     9 |     2 ||    15
       Ration            |       |     1 |       ||     1
Armor: Skin              |    43 |   124 |     9 ||   176
Dodge: Dodged            |   101 |   277 |    28 ||   406
Block: Other             |     6 |     7 |     1 ||    14
